 Dungeon Crawl Stone Soup version 0.30-a0-743-gbfdf073431 (webtiles) character file.

Game seed: 5197127940352080894

518 Iich the Chopper (level 7, -1/63 HPs)
             Began as a Minotaur Fighter on Feb 7, 2023.
             Slain by a worm (2 damage)
             ... on level 4 of the Dungeon.
             The game lasted 00:05:27 (2623 turns).

Iich the Chopper (Minotaur Fighter)                 Turns: 2623, Time: 00:05:28

Health: -1/63      AC: 10    Str: 20    XL:     7   Next: 1%
Magic:  6/6        EV:  9    Int:  5    God:
Gold:   302        SH:  4    Dex: 12    Spells: 6/6 levels left

rFire   . . .      SeeInvis .    a - +0 war axe (vamp)
rCold   + . .      Faith    .    c - +0 buckler
rNeg    . . .      Spirit   .    B - +1 scale mail {rC+}
rPois   .          Reflect  .    (helmet restricted)
rElec   .          Harm     .    e - +0 cloak
rCorr   .          Rampage  .    (no gloves)
Will    .....                    g - +0 pair of boots Stlth
                                 (no amulet)
HPRegen 0.30/turn                (no ring)
MPRegen 0.10/turn                (no ring)

@: lethally poisoned (-1 -> -10), about to teleport, slowed, very slow
A: horns 2, retaliatory headbutt
a: no special abilities


You were on level 4 of the Dungeon.
You visited 1 branch of the dungeon, and saw 4 of its levels.
You also visited: Sewer.

You collected 302 gold pieces.

Inventory:

Hand Weapons
 a - a +0 vampiric war axe (weapon)
Armour
 b - a +0 scale mail
 c - a +0 buckler (worn)
 e - a +0 cloak (worn)
 g - a +0 pair of boots (worn)
 B - a +1 scale mail of cold resistance (worn)
Wands
 x - a wand of digging (3)
 y - a wand of mindburst (17)
Scrolls
 f - a scroll of acquirement {unknown}
 i - a scroll of poison
 j - a scroll of enchant weapon
 m - 2 scrolls of magic mapping
 p - a scroll of noise {unknown}
 q - a scroll of torment {unknown}
 r - a scroll of brand weapon
 s - a scroll of amnesia
 u - a scroll of silence {unknown}
 w - a scroll of teleportation
 C - a scroll of fog {unknown}
Potions
 d - 2 potions of might
 h - 3 potions of resistance
 l - a potion of degeneration {unknown}
 n - a potion of lignification {unknown}
 o - a potion of ambrosia {unknown}
 t - a potion of magic {unknown}
 v - 6 potions of flight
 z - a potion of heal wounds {unknown}
 A - a potion of attraction {unknown}


   Skills:
 + Level 6.2 Fighting
 * Level 7.6 Axes
 - Level 3.6 Armour
 - Level 3.6 Shields


You had 6 spell levels left.
You didn't know any spells.
Your spell library contained the following spells:

 Spells                   Type           Power      Damage    Failure   Level
 Frozen Ramparts          Ice            0%         1d1       99%         3
 Ice Form                 Ice/Tmut       0%         N/A       100%        4
 Summon Ice Beast         Ice/Summ       0%         N/A       100%        4


Dungeon Overview and Level Annotations

Branches:
Dungeon (4/15)              Sewer (visited)
 Temple: D:4-7

Altars:
Elyvilon

Shops:
D:1 [

Annotations:
D:4 Edmund, Natasha


Innate Abilities, Weirdness & Mutations

You have a pair of horns on your head.
You reflexively headbutt those who attack you in melee.


Message History

The gnoll closely misses you. You block Edmund's attack. The worm bites you!
* * * LOW HITPOINT WARNING * * *
You feel better.
Natasha mumbles some strange words.
Natasha glows brightly for a moment.
Natasha claws you but does no damage. The gnoll barely misses you.
You block Edmund's attack. The white imp gestures at you.
The puff of frost hits you but does no damage.
You resist. Natasha claws you.
* * * LOW HITPOINT WARNING * * *
You block the gnoll's attack. Edmund barely misses you.
The crimson imp blinks!
The worm closely misses you.
You barely miss Natasha. Your headbutt misses Natasha.
Natasha is almost dead.
You hit the worm. You hit Edmund but do no damage.
Natasha stares at you and mumbles some strange words.
You resist with some effort. You block the gnoll's attack.
Edmund hits you with a +2 dire flail of venom.
* * * LOW HITPOINT WARNING * * *
You are lethally poisoned!
The crimson imp blinks!
The white imp hits you but does no damage.
Natasha casts a spell at you.
You feel as though you will be slow longer.
The worm bites you!
* * * LOW HITPOINT WARNING * * *
Edmund barely misses you. The gnoll barely misses you.
Okay, then.
As you read the scroll of teleportation, it crumbles to dust.
You feel strangely unstable.
* * * LOW HITPOINT WARNING * * *
You feel very sick. The white imp barely misses you.
Natasha stares at you and mumbles some strange words.
You feel as though you will be slow longer.
Edmund barely misses you. You furiously retaliate!
You headbutt Edmund, but do no damage. The gnoll barely misses you.
The worm bites you.
You die...

.. ...... # ... #....#.#
...# ..#..#.#. .....
..#...... .####
..!..###..(..#.! .....
................ ##....
......w5h......[ #.....
.....g@@....#....##.....
#..8..#)....#.^..##.....
#.... #5....#...........
#... #.....#.......<>..
##+ #...ยง.#.....#.....
#.....#...#.......
#.....#...##......
#......######.(..)
#..........##.....


You could see Edmund, a worm, Natasha, a gnoll, a crimson imp (summoned) and a
white imp (summoned).

Vanquished Creatures
  A black bear (D:3)
  A phantom (D:3)
  A necrophage (D:4)
  Ijyb (D:3)
  A malarious merfolk avatar (Sewer)
  A sickly merfolk siren (Sewer)
  3 gnolls
  5 adders
  3 river rats
  2 worms (D:3)
  2 dart slugs (D:1)
  7 orcs
  10 endoplasms
  6 giant cockroaches
  3 goblins
  8 hobgoblins
  4 jackals (D:2)
  8 kobolds
  3 quokkas
  13 ball pythons
  8 bats
  7 frilled lizards
  25 rats
123 creatures vanquished.

Notes
Turn   | Place    | Note
-------+----------+-------------------------------------------
     0 | D:1      | Iich the Minotaur Fighter began the quest for the Orb.
     0 | D:1      | Reached XP level 1. HP: 19/19 MP: 0/0
    96 | D:1      | Reached skill level 3 in Axes
   111 | D:1      | Reached XP level 2. HP: 27/27 MP: 1/1
   199 | D:1      | Found Pasoysora's Antique Armour Emporium.
   364 | D:1      | Reached XP level 3. HP: 33/33 MP: 2/2
   849 | D:2      | Reached skill level 4 in Axes
   929 | D:2      | Found a white marble altar of Elyvilon.
  1298 | D:3      | Reached XP level 4. HP: 41/41 MP: 3/3
  1387 | D:3      | Reached skill level 5 in Axes
  1414 | D:3      | Found a glowing drain.
  1422 | Sewer    | Entered a sewer
  1497 | Sewer    | Reached XP level 5. HP: 47/47 MP: 4/4
  1515 | Sewer    | Reached skill level 5 in Fighting
  1631 | Sewer    | Reached skill level 6 in Axes
  1865 | D:3      | Noticed a black bear
  1872 | D:3      | Killed a black bear
  1873 | D:3      | Reached XP level 6. HP: 56/56 MP: 5/5
  1898 | D:3      | Found a faded altar of an unknown god.
  2065 | D:3      | Reached skill level 7 in Axes
  2185 | D:3      | Noticed Ijyb
  2192 | D:3      | Killed Ijyb
  2607 | D:4      | Noticed Natasha
  2611 | D:4      | Noticed Edmund
  2617 | D:4      | Reached XP level 7. HP: 48/63 MP: 6/6
  2623 | D:4      | HP: 1/63 [poisoned by Edmund]
  2623 | D:4      | Slain by a worm

Illustrated notes

Levels and vault maps discovered:
D:1:      scummos_arrival_star, layout_loops_cross, serial_shops,
          nicolae_shop_temple_entry_statues_fountains, minmay_misc_feat_alley,
          minmay_distorted
D:2:      layout_rooms, basic_altar, cheibrodos_gnoll_hut
D:3:      kennysheep_six_static_rooms, layout_loops_ring,
          lightli_sewer_entry_pipes, ebering_ecumenical_altar_mist,
          grunt_ministairs_13, reono_crystal_passage, uniq_ijyb
D:4:      layout_rooms, slow_altar_2, nicolae_ossuary_entry_monument,
          uniq_natasha, uniq_robin, uniq_eustachio, uniq_edmund

Skill      XL: |  1  2  3  4  5  6 |
---------------+-------------------+-----
Axes           | 3 4 5 6 7 |  7.6
Fighting       | 4 5 6 |  6.2
Armour         | |  3.6
Shields        | |  3.6

Action                     |  1- 3 |  4- 6 |  7- 9 || total
---------------------------+-------+-------+-------++-------
  Melee: War axe           |   101 |   151 |     5 ||   257
         Headbutt          |    12 |    24 |       ||    36
    Use: Potion            |     2 |       |     1 ||     3
         Scroll            |     1 |     4 |     1 ||     6
 Armour: Scale mail        |    61 |    84 |     4 ||   149
  Dodge: Dodged            |    54 |    76 |    15 ||   145
  Block: Buckler           |    20 |    33 |     4 ||    57

Table legend: (Time is in decaauts)
 A = Elapsed time spent in this place.
 B = Non-inter-level travel time spent in this place.
 C = Inter-level travel time spent in this place.
 D = Time resting spent in this place.
 E = Time spent auto-exploring this place.
 F = Levels seen in this place.
 G = Mean time per level.
                   A        B        C        D        E       F      G
               +--------+--------+--------+--------+--------+-----+--------+
         Total |   2789 |   2697 |     92 |      0 |   1892 |   5 |  557.8 |
       Dungeon |   2347 |   2255 |     92 |      0 |   1649 |   4 |  586.8 |
         Sewer |    441 |    441 |      0 |      0 |    243 |   1 |  441.0 |
               +--------+--------+--------+--------+--------+-----+--------+

Top non-repeatable levels by time:
     D:3: 941 daAuts
     D:1: 753 daAuts
     D:2: 573 daAuts
   Sewer: 441 daAuts
     D:4: 79 daAuts
